 Seeded DCSS version 0.30-a0-860-g512cf1e979 (webtiles) character file.

Game seed: 13771337 (custom seed)

10539 muata the Cleaver (level 11, -2/94 HPs)
             Began as a Minotaur Berserker on Mar 8, 2023.
             Was a High Priest of Trog.
             Slain by an orc knight
             ... wielding a +0 war axe
              (11 damage)
             ... in a bailey.
             The game lasted 00:34:45 (9178 turns).

muata the Cleaver (Minotaur Berserker)              Turns: 9178, Time: 00:34:48

Health: -2/94      AC: 19    Str: 32    XL:     11   Next: 37%
Magic:  10/10      EV: 14    Int:  4    God:    Trog [*****.]
Gold:   581        SH:  0    Dex: 10    Spells: 10/10 levels left

rFire   . . .      SeeInvis .    B - +3 scythe (heavy)
rCold   . . .      Faith    .    (shield currently unavailable)
rNeg    . . .      Spirit   .    a - +0 plate armour
rPois   .          Reflect  .    (helmet restricted)
rElec   .          Rampage  .    j - +1 cloak
rCorr   .                        n - +0 pair of gloves
Will    ++...                    E - +0 pair of boots Stlth
                                 w - amulet of the acrobat
HPRegen 1.35/turn                s - +6 ring of strength
MPRegen 0.12/turn                h - +5 ring of evasion

@: strong-willed, on berserk cooldown, regenerating, studying Ranged Weapons
A: horns 2, retaliatory headbutt
a: Renounce Religion, Berserk, Trog's Hand, Brothers in Arms


You were in a bailey.
You worshipped Trog.
Trog was extremely pleased with you.
You visited 1 branch of the dungeon, and saw 10 of its levels.
You also visited: Bailey.

You collected 581 gold pieces.

Inventory:

Hand Weapons
 g - a +2 heavy bardiche
 o - a +0 battleaxe
 z - a +1 war axe of venom
 B - a +3 heavy scythe (weapon)
Armour
 a - a +0 plate armour (worn)
 j - a +1 cloak (worn)
 n - a +0 pair of gloves (worn)
 y - the +4 robe of Augmentation {Str+4 Int+4 Dex+4}
   (You found it on level 7 of the Dungeon)

   Str:       It affects your strength (+4).
   Int:       It affects your intelligence (+4).
   Dex:       It affects your dexterity (+4).
 E - a +0 pair of boots (worn)
Jewellery
 h - a +5 ring of evasion (right hand)
 s - a +6 ring of strength (left hand)
 w - an amulet of the acrobat (around neck)
Wands
 C - a wand of flame (12)
 F - a wand of roots (2)
Scrolls
 b - 3 scrolls of enchant armour {unknown}
 f - 2 scrolls of immolation {unknown}
 k - 3 scrolls of amnesia {unknown}
 l - 2 scrolls of poison {unknown}
 m - a scroll of enchant weapon {unknown}
 p - a scroll of blinking {unknown}
 q - 2 scrolls of fear {unknown}
 t - a scroll of magic mapping {unknown}
 v - a scroll of torment {unknown}
 x - 5 scrolls of vulnerability
 A - 2 scrolls of teleportation {unknown}
 H - a scroll of acquirement {unknown}
Potions
 c - 9 potions of curing
 d - a potion of resistance {unknown}
 e - 5 potions of flight
 i - a potion of attraction {unknown}
 r - 2 potions of ambrosia
 u - a potion of magic {unknown}
 D - a potion of cancellation {unknown}
 G - 3 potions of heal wounds {unknown}


   Skills:
 + Level 8.1 Fighting
 - Level 14.8(16.2) Axes
 - Level 11.1(14.4) Polearms
 - Level 9.2 Armour
 - Level 2.1 Dodging


You had 10 spell levels left.
You didn't know any spells.
Your spell library was empty.

Dungeon Overview and Level Annotations

Branches:
Dungeon (10/15)            Temple (0/1) D:6            Lair (0/5) D:9
 Bailey (1/1)
    Orc: D:9-12

Altars:
Ashenzari
Cheibriados
Dithmenos
Elyvilon
Gozag
Hepliaklqana
Makhleb
Okawaru
Qazlal
Ru
Uskayaw
Vehumet
Xom
Yredelemnul
The Shining One

Shops:
D:2 :   D:3 [==


Innate Abilities, Weirdness & Mutations

You have a pair of horns on your head.
You reflexively headbutt those who attack you in melee.


Message History

Trog accepts your kill.
The orc warrior hits you with a +3 war axe!!
You slice the orc!!
You kill the orc!
Trog accepts your kill.
You feel yourself speed up.
The orc warrior hits you but does no damage. x2
You barely miss the orc knight.
The orc warrior hits you but does no damage.
The orc knight misses you.
You puncture the orc knight!
The orc knight is moderately wounded.
The orc warrior hits you with a +3 war axe!
The orc knight closely misses you.
You hit the orc knight. Your headbutt misses the orc knight.
The orc knight is moderately wounded.
The orc knight hits you but does no damage.
The orc warrior barely misses you. You furiously retaliate!
You headbutt the orc warrior.
The orc warrior hits you with a +3 war axe!
The orc knight hits you with a +0 war axe!
* * * LOW HITPOINT WARNING * * *
You impale the orc knight!!
You headbutt the orc knight, but do no damage.
The orc knight is severely wounded.
The orc warrior completely misses you. You furiously retaliate!
You headbutt the orc warrior. The orc knight barely misses you.
You slash the orc knight!
You headbutt the orc knight, but do no damage.
The orc knight is almost dead.
The orc warrior hits you but does no damage.
The orc knight hits you with a +0 war axe.
* * * LOW HITPOINT WARNING * * *
You closely miss the orc knight. Your headbutt misses the orc knight.
The orc knight is almost dead.
The orc no longer looks unusually strong.
The orc warrior hits you with a +3 war axe!!
* * * LOW HITPOINT WARNING * * *
The orc knight hits you with a +0 war axe!
You die... ##+# #..# #..# #..# #g.# #oo

#o## #@o#
#8.# #..#
####8.#
#######.....#
#.....#..)8.#
#.....#.....#
#..⌠..#))####
+...))'..#


You could see an orc knight, an orc warrior (strong), 2 orcs and a goblin.

Vanquished Creatures
  4 kobold demonologists (D:10)
  Psyche (D:8)
  A hornet (D:7)
  2 trolls (D:10)
  Grinder (D:5)
  A shadow (D:9)
  Sigmund (D:5)
  8 yaks
  2 vampires (D:10)
  3 steam dragons
  3 vampire mosquitoes (D:10)
  3 wargs (D:9)
  Edmund (D:5)
  A water moccasin (D:6)
  11 orc warriors
  A sky beast (D:7)
  4 black bears
  3 ice beasts
  4 ogres
  4 centaurs
  2 phantoms
  A kobold brigand (D:10)
  A bullfrog (D:6)
  5 scorpions
  4 wights (D:8)
  15 killer bees
  5 howler monkeys
  An electric eel (Bailey)
  8 orc priests
  2 hounds
  2 jellies
  An iron imp (D:5)
  2 sleepcaps
  2 iguanas (D:6)
  15 orc wizards
  Ijyb (D:2)
  Robin (D:4)
  3 adders
  5 gnolls
  A shadow imp (D:6)
  A white imp (D:5)
  2 worms
  2 dart slugs (D:3)
  69 orcs
  3 bats
  7 endoplasms
  3 giant cockroaches
  22 goblins
  8 hobgoblins
  5 jackals
  5 quokkas
  7 ball pythons
  3 frilled lizards
  9 kobolds
  10 rats
292 creatures vanquished.

Vanquished Creatures (others)
  An ogre (D:4)
  A hound (D:4)
  An iguana (D:4)
  6 orcs
  2 hobgoblins (D:4)
  A jackal (D:4)
  A kobold (D:4)
  A goblin (D:4)
14 creatures vanquished.

Grand Total: 306 creatures vanquished

Notes
Turn   | Place    | Note
-------+----------+-------------------------------------------
     0 | D:1      | muata the Minotaur Berserker began the quest for the Orb.
     0 | D:1      | Reached XP level 1. HP: 19/19 MP: 0/0
    89 | D:1      | Reached skill level 4 in Axes
   219 | D:1      | Reached XP level 2. HP: 26/26 MP: 1/1
   765 | D:1      | Reached skill level 5 in Axes
  1115 | D:2      | Reached XP level 3. HP: 29/31 MP: 2/2
  1363 | D:2      | Reached ** piety under Trog
  1440 | D:2      | Reached skill level 6 in Axes
  1440 | D:2      | Reached XP level 4. HP: 15/39 MP: 3/3
  1600 | D:2      | Noticed Ijyb
  1607 | D:2      | Killed Ijyb
  2061 | D:2      | Found Ero Soes's Book Shop.
  2188 | D:3      | Found Loynn's Jewellery Shoppe.
  2189 | D:3      | Found a glowing golden altar of the Shining One.
  2235 | D:3      | Found Ynlycrin's Jewellery Boutique.
  2402 | D:3      | Reached XP level 5. HP: 45/45 MP: 4/4
  2439 | D:3      | Reached skill level 7 in Axes
  2467 | D:3      | Found a shadowy altar of Dithmenos.
  2562 | D:3      | Found Yvvum's Armour Boutique.
  2631 | D:3      | Found Junloschu's Antique Weapon Boutique.
  2893 | D:4      | Found a hide-covered altar of Uskayaw.
  2943 | D:4      | Noticed a phantom
  2953 | D:4      | Killed a phantom
  2954 | D:4      | Reached skill level 8 in Axes
  2954 | D:4      | Reached XP level 6. HP: 50/51 MP: 5/5
  2986 | D:4      | Noticed Robin
  2995 | D:4      | Reached *** piety under Trog
  3002 | D:4      | Killed Robin
  3004 | D:4      | Found a shimmering altar of Xom.
  3125 | D:4      | Reached skill level 9 in Axes
  3510 | D:5      | Entered Level 5 of the Dungeon
  3541 | D:5      | Reached XP level 7. HP: 51/57 MP: 6/6
  3595 | D:5      | Noticed Edmund
  3605 | D:5      | Killed Edmund
  3606 | D:5      | Reached skill level 10 in Axes
  3697 | D:5      | Noticed Grinder
  3861 | D:5      | Noticed Sigmund
  3870 | D:5      | Killed Sigmund
  3871 | D:5      | Reached skill level 11 in Axes
  3948 | D:5      | Killed Grinder
  3949 | D:5      | Reached XP level 8. HP: 64/64 MP: 7/7
  4003 | D:5      | Reached skill level 12 in Axes
  4131 | D:5      | Found a sacrificial altar of Ru.
  4362 | D:5      | Found a basalt altar of Yredelemnul.
  4369 | D:5      | Reached skill level 13 in Axes
  4456 | D:5      | Found a snail-covered altar of Cheibriados.
  4612 | D:6      | Reached skill level 14 in Axes
  4778 | D:6      | Reached XP level 9. HP: 70/70 MP: 8/8
  4786 | D:6      | Found a staircase to the Ecumenical Temple.
  5109 | D:6      | Found a white marble altar of Elyvilon.
  5838 | D:7      | Found the +4 robe of Augmentation {Str+4 Int+4 Dex+4}
  5887 | D:7      | Reached skill level 5 in Armour
  5998 | D:7      | Paralysed by a hornet for 1 turns
  6271 | D:7      | Reached **** piety under Trog
  6839 | D:7      | Reached XP level 10. HP: 61/78 MP: 9/9
  7027 | D:8      | Reached skill level 5 in Fighting
  7034 | D:8      | Noticed Psyche
  7048 | D:8      | Killed Psyche
  7243 | D:8      | Found an opulent altar of Gozag.
  7243 | D:8      | Found a radiant altar of Vehumet.
  7244 | D:8      | Found a stormy altar of Qazlal.
  7311 | D:8      | Found a hazy altar of Hepliaklqana.
  7420 | D:8      | Reached skill level 1 in Polearms
  7482 | D:8      | Found an iron altar of Okawaru.
  7498 | D:8      | Reached skill level 5 in Polearms
  7988 | D:9      | Found a burning altar of Makhleb.
  8033 | D:9      | Found a staircase to the Lair.
  8047 | D:9      | Reached ***** piety under Trog
  8262 | D:9      | Found a broken altar of Ashenzari.
  8335 | D:9      | Reached XP level 11. HP: 81/91 MP: 10/10
  8673 | D:10     | Entered Level 10 of the Dungeon
  8770 | D:10     | Noticed a brown ugly thing
  8846 | D:10     | Reached skill level 10 in Polearms
  8992 | D:10     | Received a gift from Trog
  9103 | D:10     | Found a flagged portal.
  9115 | Bailey   | Entered a bailey
  9166 | Bailey   | Noticed an orc knight
  9178 | Bailey   | Slain by an orc knight

Illustrated notes

Levels and vault maps discovered:
D:1:      heliophobic_arrival_glass_houses, layout_loops_corners
D:2:      kennysheep_the_goblin_king, layout_basic, serial_shops,
          nicolae_shop_statue_plus, minmay_tree_intersection,
          minmay_pentomino_x4
D:3:      layout_rooms, tso_metal_star, nicolae_dithmenos_shadow_blocks,
          serial_shops, nicolae_lakefront_shop, nicolae_shop_crystal, shop,
          nicolae_shop_stone, corexii_hall_statues_i, grunt_decor_cap, uniq_ijyb
D:4:      layout_basic, xom_confusion_cloud, mainiacjoe_overflow_chevrons,
          uniq_robin
D:5:      layout_rooms, slow_altar_2, lemuel_coloured_pillars_altar,
          nicolae_ru_great_annihilating_truth, uniq_edmund, uniq_grinder,
          uniq_sigmund
D:6:      layout_loops_corners, elyvilon_altar_5, minmay_temple_entry_waves,
          minmay_manual_maat
D:7:      layout_loops_ring
D:8:      layout_cave_pools, mainiacjoe_overflow_cross_hatched,
          gammafunk_temple_overflow_claw,
          hellmonk_okawaru_the_only_friend_you_need, special_room
          [special_room_orc], uniq_psyche
D:9:      layout_gridville, nicolae_overflow_crystal_walls,
          lightli_temple_of_fire, erik_lair_orcish_takeover
D:10:     layout_basic, enter_bailey_2, special_room [special_room_bee]
Bailey:   bailey_axe_of_yendor_kennysheep, bailey

Skill      XL: |  1  2  3  4  5  6  7  8  9 10 11 |
---------------+----------------------------------+-----
Axes           | 4 5 6 8 9 11 14 | 14.8
Armour         | 9 |  9.2
Fighting       | 4 6 8 |  8.1
Polearms       | 9 11 | 11.1
Dodging        | |  2.1

Action                     |  1- 3 |  4- 6 |  7- 9 | 10-12 || total
---------------------------+-------+-------+-------+-------++-------
  Melee: Hand axe          |    42 |    89 |   219 |       ||   350
         Headbutt          |     7 |    14 |    40 |    30 ||    91
         Dagger            |    13 |       |       |       ||    13
         Punch             |     1 |     2 |     2 |     2 ||     7
         War axe           |       |       |    16 |   161 ||   177
         Halberd           |       |       |       |    51 ||    51
 Invoke: Berserk           |     3 |     2 |     8 |     5 ||    18
         Trog's Hand       |       |     1 |     3 |     4 ||     8
  Evoke: Wand              |       |     6 |     9 |     1 ||    16
    Use: Scroll            |       |       |     4 |     2 ||     6
   Stab: Paralysed         |       |       |     1 |       ||     1
 Armour: Leather armour    |     3 |       |       |       ||     3
         Animal skin       |     1 |       |       |       ||     1
         Ring mail         |    12 |    16 |       |       ||    28
         Plate armour      |       |    46 |   135 |   124 ||   305
  Dodge: Dodged            |    36 |    76 |   103 |   171 ||   386

Table legend: (Time is in decaauts)
 A = Elapsed time spent in this place.
 B = Non-inter-level travel time spent in this place.
 C = Inter-level travel time spent in this place.
 D = Time resting spent in this place.
 E = Time spent auto-exploring this place.
 F = Levels seen in this place.
 G = Mean time per level.
                   A        B        C        D        E       F      G
               +--------+--------+--------+--------+--------+-----+--------+
         Total |   9353 |   8745 |    608 |    903 |   5552 |  11 |  850.3 |
       Dungeon |   9272 |   8664 |    608 |    903 |   5552 |  10 |  927.2 |
        Bailey |     81 |     81 |      0 |      0 |      0 |   1 |   81.0 |
               +--------+--------+--------+--------+--------+-----+--------+

Top non-repeatable levels by time:
     D:7: 1301 daAuts
     D:6: 1132 daAuts
     D:1: 1121 daAuts
     D:2: 1117 daAuts
     D:9: 923 daAuts
     D:5: 917 daAuts
     D:8: 867 daAuts
     D:4: 851 daAuts
     D:3: 625 daAuts
    D:10: 415 daAuts
  Bailey: 81 daAuts
